 Dungeon Crawl Stone Soup version 0.28-a0-474-g535839065c (webtiles) character file.

Game seed: 2187195036961502137

385 Squid the Cudgeller (level 6, 0/55 HPs)
             Began as a Draconian Berserker on Sept 15, 2021.
             Was a Believer of Trog.
             Frozen to death by an endoplasm (5 damage)
             ... on level 4 of the Dungeon.
             The game lasted 00:06:33 (3669 turns).

Squid the Cudgeller (Draconian Berserker)           Turns: 3669, Time: 00:06:34

Health: 0/55       AC:  6    Str: 22    XL:     6   Next: 48%
Magic:  6/6        EV: 12    Int:  7    God:    Trog [**....]
Gold:   163        SH:  4    Dex: 10    Spells: 5/5 levels left

rFire   . . .      SeeInvis .   a - +1 mace
rCold   . . .      Faith    .   g - +0 buckler
rNeg    . . .      Spirit   .   (armour unavailable)
rPois   .          Reflect  .   (helmet restricted)
rElec   .          Harm     .   (no cloak)
rCorr   +          Rampage  .   (no gloves)
Will    ++...                   (no boots)
Stlth   +.........              (no amulet)
HPRegen 1.18/turn               b - ring of resist corrosion
MPRegen 0.10/turn               (no ring)

@: strong-willed, on berserk cooldown, regenerating, slowed, very slow
A: AC +6, unfitting armour, cold-blooded
a: Renounce Religion, Berserk, Trog's Hand


You were on level 4 of the Dungeon.
You worshipped Trog.
Trog was pleased with you.
You visited 1 branch of the dungeon, and saw 4 of its levels.

You collected 163 gold pieces.

Inventory:

Hand Weapons
 a - a +1 mace (weapon)
Armour
 g - a +0 buckler (worn)
Jewellery
 b - a ring of resist corrosion (left hand)
Wands
 f - a wand of polymorph (5) (quivered)
 j - a wand of acid (2)
Potions
 c - a potion of lignification
 d - a potion of attraction
 h - a potion of curing
 i - a potion of mutation {unknown}


   Skills:
 + Level 4.8 Fighting
 + Level 5.6 Maces & Flails
 - Level 3.0 Dodging
 * Level 2.8 Shields


You had 5 spell levels left.
You didn't know any spells.
Your spell library was empty.

Dungeon Overview and Level Annotations

Branches:
Dungeon (4/15)
 Temple: D:4-7

Altars:
Dithmenos
Xom

Shops:
D:2 ?


Innate Abilities, Weirdness & Mutations

Your plain brown scales are hard. (AC +6)
You cannot fit into any form of body armour.
You are cold-blooded and may be slowed by cold attacks.


Message History

The ball python barely misses you. The ball python constricts you.
* * * LOW HITPOINT WARNING * * *
The ufetubus hits you.
* * * LOW HITPOINT WARNING * * *
The ufetubus hits you but does no damage.
You closely miss the ufetubus.
The ufetubus is moderately wounded.
The gnoll hits you with a +0 club.
* * * LOW HITPOINT WARNING * * *
The ufetubus hits you but does no damage.
The ufetubus barely misses you. The gnoll hits you but does no damage.
The ball python bites you but does no damage.
The ball python constricts you.
You miss the ufetubus.
Your tail-slap misses the ufetubus.
The ufetubus is moderately wounded.
The ufetubus barely misses you.
The ufetubus hits you but does no damage.
You block the gnoll's attack. You block the ball python's attack.
The ball python constricts you.
The gnoll hits you from afar with a +0 spear!
* * * LOW HITPOINT WARNING * * *
You sock the ufetubus!
You kill the ufetubus!
Trog accepts your kill. The gnoll hits you with a +0 club.
* * * LOW HITPOINT WARNING * * *
The ball python barely misses you. The ball python constricts you.
* * * LOW HITPOINT WARNING * * *
You are too berserk!
You are too berserk!
You escape the ball python's grasp.
You feel a strong urge to attack something.
You feel your anger nearly subside.
You are no longer berserk.
You are exhausted.
You feel yourself slow down.
As you read the scroll of fog, it crumbles to dust.
The scroll dissolves into smoke.
The endoplasm freezes you.
You are frozen.
You die...

#.# #...... #.#
#...... #.#
#...... #.#
#...... #.#
####.## #.# #.#
#.# ####### #(##
#§# ....... #...
#######@###.......
####
......§§Jg.S......
##...§§§.§#g.w....
#........#####...
#........# .
#........#
#........#
...........
##..........


You could see a gnoll and an endoplasm.

Vanquished Creatures
  Grinder (D:3)
  Jessica (D:3)
  Ijyb (D:4)
  Natasha (D:3)
  A hound skeleton (D:4)
  A gnoll (D:4)
  4 adders
  2 ufetubi (D:4)
  3 dart slugs
  An orc (D:3)
  5 bats
  4 endoplasms
  A giant cockroach (D:4)
  4 goblins
  6 hobgoblins
  2 jackals (D:2)
  3 kobolds
  A quokka (D:1)
  2 ball pythons
  A frilled lizard (D:1)
  5 rats
50 creatures vanquished.

Notes
Turn   | Place    | Note
-------+----------+-------------------------------------------
     0 | D:1      | Squid the Draconian Berserker began the quest for the Orb.
     0 | D:1      | Reached XP level 1. HP: 19/19 MP: 1/1
   474 | D:1      | Reached XP level 2. HP: 26/26 MP: 2/2
  1263 | D:2      | Found Reint's Magic Scroll Shop.
  1336 | D:2      | Found a faded altar of an unknown god.
  1511 | D:2      | Reached XP level 3. HP: 30/33 MP: 3/3
  1954 | D:3      | Reached ** piety under Trog
  2046 | D:3      | Found a shimmering altar of Xom.
  2065 | D:3      | Reached skill level 1 in Shields
  2403 | D:3      | Noticed Grinder
  2415 | D:3      | Killed Grinder
  2416 | D:3      | Reached skill level 5 in Maces & Flails
  2416 | D:3      | Reached XP level 4. HP: 41/41 MP: 4/4
  2416 | D:3      | Reached XP level 5. HP: 47/47 MP: 5/5
  2467 | D:3      | Found a shadowy altar of Dithmenos.
  2694 | D:3      | Noticed Natasha
  2701 | D:3      | Killed Natasha
  2702 | D:3      | Reached XP level 6. HP: 46/53 MP: 6/6
  2943 | D:3      | Noticed Jessica
  2952 | D:3      | Killed Jessica
  3145 | D:4      | Noticed Ijyb
  3158 | D:4      | Killed Ijyb
  3663 | D:4      | HP: 3/79 [gnoll (7)]
  3664 | D:4      | HP: 1/79 [constriction (1)]
  3669 | D:4      | Frozen to death by an endoplasm

Illustrated notes

Levels and vault maps discovered:
D:1:      heliophobic_arrival_glass_houses, layout_loops_ring
D:2:      layout_loops_ring, serial_shops, shop,
          hellmonk_ecumenical_altar_dog_temple
D:3:      layout_loops_cross, mainiacjoe_overflow_catch_the_wave, minivault_4,
          uniq_grinder, uniq_natasha, uniq_jessica
D:4:      layout_basic, gammafunk_ghost_smash, uniq_ijyb, uniq_blork_the_orc

Skill      XL: |  1  2  3 |
---------------+----------+-----
Dodging        | 3 |  3.0
Shields        | 2 |  2.8
Fighting       | 4 |  4.8
Maces & Flails | 5 |  5.6

Action                   |  1- 3 |  4- 6 || total
-------------------------+-------+-------++-------
Melee: Mace              |   105 |    69 ||   174
       Tailslap          |    14 |     5 ||    19
Invok: Berserk           |     1 |     1 ||     2
       Trog's Hand       |     1 |     1 ||     2
Evoke: Wand              |       |     1 ||     1
  Use: Scroll            |     7 |     2 ||     9
       Potion            |     3 |     1 ||     4
Armor: Skin              |    48 |    27 ||    75
Dodge: Dodged            |    90 |    48 ||   138
Block: Buckler           |     7 |    13 ||    20

Table legend: (Time is in decaauts)
 A = Elapsed time spent in this place.
 B = Non-inter-level travel time spent in this place.
 C = Inter-level travel time spent in this place.
 D = Time resting spent in this place.
 E = Time spent auto-exploring this place.
 F = Levels seen in this place.
 G = Mean time per level.
                   A        B        C        D        E       F      G
               +--------+--------+--------+--------+--------+-----+--------+
         Total |   3699 |   3631 |     68 |    760 |   2287 |   4 |  924.8 |
       Dungeon |   3699 |   3631 |     68 |    760 |   2287 |   4 |  924.8 |
               +--------+--------+--------+--------+--------+-----+--------+

Top non-repeatable levels by time:
     D:3: 1381 daAuts
     D:1: 906 daAuts
     D:2: 848 daAuts
     D:4: 563 daAuts
